Staline vs Patriotes
(R1)
Created - 29 avril 2015 at 23:04
Goals
|
| Staline |
2 |
1 |
1 |
4 |
| Patriotes |
2 |
1 |
0 |
3 |
|
Shots
|
| Staline |
17 |
8 |
10 |
35 |
| Patriotes |
10 |
14 |
9 |
33 |
|
1st period
1. Patriotes , Cory Emmerton 9 (Tomas Kurka, Andreas Nodl) at 6:32 (PP)
2. Staline , Tyler Cuma 1 (Andrei Loktionov, Pierre-Luc Létourneau) at 13:39
3. Patriotes , Andreas Nodl 9 (Tomas Kurka) at 13:53
4. Staline , Mathieu Perreault 2 (Torey Krug, Jared Boll) at 17:30
Penalties :
Michael Del Zotto (StJ) for Hooking (Minor) at 6:00, Theo Peckham (StJ) for Delaying the game (Minor) at 9:07, Devin Setoguchi (StJ) for Slashing (Minor) at 19:50
2nd period
5. Patriotes , Tomas Kurka 9 (Cory Emmerton, Dwight King) at 12:10
6. Staline , Peter Mueller 8 (T.J. Fast, Stu Bickel) at 19:44
Penalties :
Andrei Loktionov (StJ) for Hooking (Minor) at 15:21, A.J Thelen (Nyc) for High sticking (Minor) at 19:53
3rd period
7. Staline , Devin Setoguchi 11 (T.J. Fast, Andrei Loktionov) at 5:43 (PP)
Penalties :
Cory Emmerton (Nyc) for Roughing (Minor) at 5:30, Cory Emmerton (Nyc) for Hooking (Minor) at 6:35, Andrei Loktionov (StJ) for Boarding (Minor) at 13:28, Theo Peckham (StJ) for Holding Stick (Minor) at 14:08, Dwight King (Nyc) for Hooking (Minor) at 18:39
Goalie Stats
Tobias Stephan (StJ), 30 saves from 33 shots - (0,909), W, 6-3-0, 60:00 minutes
Joey MacDonald (Nyc), 31 saves from 35 shots - (0,886), L, 5-3-1, 60:00 minutes
Players Stats for Staline
Player Name G A P +/- PIM S H SB GA TA FO MP PP MP PK MP
------------------------------------------------------------------------------------
Andrei Loktionov 0 2 2 0 4 3 2 0 0 0 15/32 18:39 3:10 1:20
Cody Eakin 0 0 0 0 0 0 0 0 0 0 0/2 7:18 0:00 0:43
Danny Kristo 0 0 0 0 0 1 0 0 0 0 0/0 6:35 0:00 0:00
Devin Setoguchi 1 0 1 0 2 2 0 0 0 0 3/8 21:27 3:10 4:03
James Sheppard 0 0 0 0 0 1 0 1 0 0 1/2 9:28 0:00 2:32
Jared Boll 0 1 1 0 0 1 1 0 0 0 0/0 11:13 0:00 0:00
Mason Raymond 0 0 0 1 0 4 2 0 0 0 0/0 17:11 2:21 1:25
Mathieu Perreault 1 0 1 0 0 2 3 0 1 0 2/8 11:04 0:00 0:00
Michael Del Zotto 0 0 0 1 2 3 0 1 0 0 0/0 15:16 3:12 0:00
Nick Spaling 0 0 0 0 0 2 0 0 1 0 0/0 11:04 0:00 0:00
Peter Mueller 1 0 1 1 0 3 1 0 1 0 6/12 15:25 2:21 0:00
Pierre-Luc Létourneau 0 1 1 0 0 2 1 0 0 2 0/0 21:34 3:10 4:30
Stu Bickel 0 1 1 1 0 3 6 0 1 1 0/0 22:59 0:00 5:33
T.J. Fast 0 2 2 1 0 2 0 2 0 2 0/0 25:48 3:12 5:33
Theo Peckham 0 0 0 -1 4 1 1 1 0 1 0/0 20:52 2:19 1:43
Torey Krug 0 1 1 1 0 0 0 0 0 0 0/0 13:47 0:00 1:51
Tyler Cuma 1 0 1 -1 0 4 0 2 0 1 0/0 21:44 2:19 3:35
Yan Stastny 0 0 0 1 0 1 0 0 1 1 0/2 18:03 2:21 2:24
Players Stats for Patriotes
Player Name G A P +/- PIM S H SB GA TA FO MP PP MP PK MP
------------------------------------------------------------------------------------
A.J Thelen 0 0 0 1 2 0 1 3 0 0 0/0 25:50 5:41 2:23
Andreas Nodl 1 1 2 1 0 5 2 0 3 1 0/1 23:50 5:24 3:37
Brett Skinner 0 0 0 1 0 2 1 3 0 0 0/0 27:07 5:41 3:44
Christian Hanson 0 0 0 0 0 1 1 0 0 0 8/11 11:52 0:09 0:24
Cory Emmerton 1 1 2 1 4 7 2 2 1 1 15/30 21:10 5:15 0:53
Dwight King 0 1 1 0 2 3 2 0 1 0 0/0 11:06 0:00 0:00
Fedor Fedorov 0 0 0 -2 0 0 1 0 0 1 4/5 18:02 3:44 1:27
Jared Staal 0 0 0 0 0 1 1 0 0 0 1/1 10:51 0:00 0:00
Joe Charlebois 0 0 0 -1 0 0 0 0 0 0 0/0 12:09 0:00 0:00
Jordan Samuels-Thomas 0 0 0 0 0 0 0 0 0 0 0/0 7:05 0:00 0:27
Lauri Tukonen 0 0 0 -2 0 0 1 1 0 1 0/0 16:06 3:44 0:00
Liam Reddox 0 0 0 0 0 2 0 0 0 0 0/0 6:34 0:00 0:00
Patrice Cormier 0 0 0 0 0 0 0 0 0 0 0/0 0:00 0:00 0:00
Ryan White 0 0 0 0 0 1 0 0 0 0 2/2 7:43 0:00 0:37
Ryan Wilson 0 0 0 -1 0 4 2 1 1 0 0/0 20:44 3:27 1:47
Timothy Kunes 0 0 0 -1 0 1 1 0 0 1 0/0 13:30 0:00 1:21
Tomas Kurka 1 2 3 1 0 3 3 0 1 0 4/8 23:50 5:24 3:37
Tyler Myers 0 0 0 -1 0 0 1 2 1 0 0/0 20:44 3:27 1:47
Zenon Konopka 0 0 0 -2 0 3 0 1 0 0 5/8 16:12 3:44 0:00
3 Stars
1 - Tomas Kurka (Nyc)
2 - Andreas Nodl (Nyc)
3 - Stu Bickel (StJ)
Power Play
Staline - 1 on 4 Attempt(s) - 25,00%
Patriotes - 1 on 6 Attempt(s) - 16,67%
Penalty Kill
Staline - 5 on 6 Attempt(s) - 83,33%
- Score 0 goal in Penalty Kill
Patriotes - 3 on 4 Attempt(s) - 75,00%
- Score 0 goal in Penalty Kill
Team Stat
Staline - Hits : 17 - Faceoff Wins : 27 - Blocked Shots : 7 - Penalty Minutes : 12
Patriotes - Hits : 19 - Faceoff Wins : 39 - Blocked Shots : 13 - Penalty Minutes : 8
Official
Referees : Kozari Steve and Martell Rob
Linesman : Bryan Pancich and Scott Driscoll
Game Notes
No Game Note
Finance
Level 1 -- Attendance: 1936 (96,80%) -- Ticket Income 67 760 $
Level 2 -- Attendance: 1000 (100,00%) -- Ticket Income 15 000 $
Total Attendance: 2936 (97,87%)
Total Ticket Income: 82 760 $
Other Income: 4 138 $
Total Income: 86 898 $
Staline
5 vs 5 Forward
Center Left Wing Right Wing Time % Phy DF OF
1 Andrei Loktionov Pierre-Luc Létourneau Devin Setoguchi 40 1 2 2
2 Peter Mueller Mason Raymond Yan Stastny 30 1 2 2
3 Mathieu Perreault Nick Spaling Jared Boll 20 1 2 2
4 Cody Eakin James Sheppard Danny Kristo 10 1 2 2
5 vs 5 Defense
Defense Defense Time % Phy DF OF
1 T.J. Fast Stu Bickel 40 1 2 2
2 Theo Peckham Tyler Cuma 30 1 2 2
3 Michael Del Zotto Torey Krug 20 1 2 2
4 T.J. Fast Stu Bickel 10 1 2 2
PowerPlay Forward
Center Left Wing Right Wing Time % Phy DF OF
1 Andrei Loktionov Pierre-Luc Létourneau Devin Setoguchi 60 1 2 2
2 Peter Mueller Mason Raymond Yan Stastny 40 1 2 2
PowerPlay Defense
Defense Defense Time % Phy DF OF
1 T.J. Fast Michael Del Zotto 60 1 2 2
2 Theo Peckham Tyler Cuma 40 1 2 2
Penalty Kill 4 Players Forward
Center Wing Time % Phy DF OF
1 Devin Setoguchi Pierre-Luc Létourneau 60 1 2 2
2 Yan Stastny Andrei Loktionov 40 1 2 2
Penalty Kill 4 Players Defense
Defense Defense Time % Phy DF OF
1 T.J. Fast Stu Bickel 60 1 2 2
2 Theo Peckham Tyler Cuma 40 1 2 2
Penalty Kill - 3 Players Forward
Forward Time % Phy DF OF
1 Devin Setoguchi 60 1 2 2
2 Yan Stastny 40 1 2 2
Penalty Kill - 3 Players Defense
Defense Defense Time % Phy DF OF
1 T.J. Fast Stu Bickel 60 1 2 2
2 Theo Peckham Tyler Cuma 40 1 2 2
4 vs 4 Forward
Center Wing Time % Phy DF OF
1 Devin Setoguchi Pierre-Luc Létourneau 60 1 2 2
2 Yan Stastny Andrei Loktionov 40 1 2 2
4 vs 4 Defense
Defense Defense Time % Phy DF OF
1 T.J. Fast Michael Del Zotto 60 1 2 2
2 Theo Peckham Tyler Cuma 40 1 2 2
Last Minutes Offensive
Center Left Wing Right Wing Defense Defense
Andrei Loktionov Pierre-Luc Létourneau Devin Setoguchi T.J. Fast Stu Bickel
Last Minutes Defensive
Center Left Wing Right Wing Defense Defense
Andrei Loktionov Pierre-Luc Létourneau Devin Setoguchi T.J. Fast Stu Bickel
Goaltenders
Starting : Tobias Stephan
Backup : Martin Houle
Extra Forwards
Normal : Jared Boll, Nick Spaling, James Sheppard - PP : Jared Boll, Nick Spaling - PK : James Sheppard
Extra Defensemen
Normal : Michael Del Zotto, Torey Krug, Theo Peckham - PP : Michael Del Zotto - PK : Torey Krug, Theo Peckham
Penalty Shots
Devin Setoguchi, Pierre-Luc Létourneau, Yan Stastny, Andrei Loktionov, Mason Raymond
Patriotes
5 vs 5 Forward
Center Left Wing Right Wing Time % Phy DF OF
1 Cory Emmerton Tomas Kurka Andreas Nodl 40 1 2 2
2 Zenon Konopka Fedor Fedorov Lauri Tukonen 30 1 2 2
3 Christian Hanson Dwight King Jared Staal 20 1 2 2
4 Ryan White Liam Reddox Jordan Samuels-Thomas 10 1 2 2
5 vs 5 Defense
Defense Defense Time % Phy DF OF
1 A.J Thelen Brett Skinner 40 1 2 2
2 Tyler Myers Ryan Wilson 30 1 2 2
3 Joe Charlebois Timothy Kunes 20 1 2 2
4 A.J Thelen Brett Skinner 10 1 2 2
PowerPlay Forward
Center Left Wing Right Wing Time % Phy DF OF
1 Cory Emmerton Tomas Kurka Andreas Nodl 60 1 2 2
2 Zenon Konopka Fedor Fedorov Lauri Tukonen 40 1 2 2
PowerPlay Defense
Defense Defense Time % Phy DF OF
1 A.J Thelen Brett Skinner 60 1 2 2
2 Tyler Myers Ryan Wilson 40 1 2 2
Penalty Kill 4 Players Forward
Center Wing Time % Phy DF OF
1 Tomas Kurka Andreas Nodl 60 1 2 2
2 Fedor Fedorov Cory Emmerton 40 1 2 2
Penalty Kill 4 Players Defense
Defense Defense Time % Phy DF OF
1 A.J Thelen Brett Skinner 60 1 2 2
2 Tyler Myers Ryan Wilson 40 1 2 2
Penalty Kill - 3 Players Forward
Forward Time % Phy DF OF
1 Tomas Kurka 60 1 2 2
2 Andreas Nodl 40 1 2 2
Penalty Kill - 3 Players Defense
Defense Defense Time % Phy DF OF
1 A.J Thelen Brett Skinner 60 1 2 2
2 Tyler Myers Ryan Wilson 40 1 2 2
4 vs 4 Forward
Center Wing Time % Phy DF OF
1 Tomas Kurka Andreas Nodl 60 1 2 2
2 Fedor Fedorov Cory Emmerton 40 1 2 2
4 vs 4 Defense
Defense Defense Time % Phy DF OF
1 A.J Thelen Brett Skinner 60 1 2 2
2 Tyler Myers Ryan Wilson 40 1 2 2
Last Minutes Offensive
Center Left Wing Right Wing Defense Defense
Cory Emmerton Tomas Kurka Andreas Nodl A.J Thelen Brett Skinner
Last Minutes Defensive
Center Left Wing Right Wing Defense Defense
Cory Emmerton Tomas Kurka Andreas Nodl A.J Thelen Brett Skinner
Goaltenders
Starting : Joey MacDonald
Backup : Marek Schwarz
Extra Forwards
Normal : Christian Hanson, Dwight King, Ryan White - PP : Christian Hanson, Dwight King - PK : Ryan White
Extra Defensemen
Normal : Joe Charlebois, Timothy Kunes, Tyler Myers - PP : Joe Charlebois - PK : Timothy Kunes, Tyler Myers
Penalty Shots
Tomas Kurka, Andreas Nodl, Fedor Fedorov, Cory Emmerton, Zenon Konopka
% Time on Ice - Staline
Lines # - Real PCT - Wanted PCT - Time Play
Normal Forward
1 - 31% - 40% - 14:15
2 - 30% - 30% - 13:27
3 - 24% - 20% - 11:04
4 - 15% - 10% - 6:35
Normal Defense
1 - 37% - 40% - 16:55
2 - 36% - 30% - 16:20
3 - 26% - 20% - 11:35
4 - 1% - 10% - 0:31
PP Forward
1 - 57% - 60% - 3:10
2 - 43% - 40% - 2:21
PP Defense
1 - 58% - 60% - 3:12
2 - 42% - 40% - 2:19
PK Forward
1 - 72% - 60% - 5:39
2 - 28% - 40% - 2:10
PK Defense
1 - 61% - 60% - 4:46
2 - 39% - 40% - 3:03
PK3 Forward
1 - 82% - 60% - 1:05
2 - 18% - 40% - 0:14
PK3 Defense
1 - 59% - 60% - 0:47
2 - 41% - 40% - 0:32
44 Forward
1 - 0% - 60%
2 - 0% - 40%
44 Defense
1 - 0% - 60%
2 - 0% - 40%
Last Minute Offensive - 0:00
Last Minute Defensive - 0:00
Total
Forward - 60:00
Defense - 60:00
|
% Time on Ice - Patriotes
Lines # - Real PCT - Wanted PCT - Time Play
Normal Forward
1 - 33% - 40% - 14:49
2 - 29% - 30% - 13:07
3 - 24% - 20% - 10:51
4 - 14% - 10% - 6:34
Normal Defense
1 - 35% - 40% - 16:01
2 - 34% - 30% - 15:30
3 - 27% - 20% - 12:09
4 - 4% - 10% - 1:41
PP Forward
1 - 59% - 60% - 5:24
2 - 41% - 40% - 3:44
PP Defense
1 - 62% - 60% - 5:41
2 - 38% - 40% - 3:27
PK Forward
1 - 74% - 60% - 4:04
2 - 26% - 40% - 1:27
PK Defense
1 - 68% - 60% - 3:44
2 - 32% - 40% - 1:47
PK3 Forward
1 - 0% - 60%
2 - 0% - 40%
PK3 Defense
1 - 0% - 60%
2 - 0% - 40%
44 Forward
1 - 0% - 60%
2 - 0% - 40%
44 Defense
1 - 0% - 60%
2 - 0% - 40%
Last Minute Offensive - 0:00
Last Minute Defensive - 0:00
Total
Forward - 60:00
Defense - 60:00
|
Play by Play
1st period
0:01 of 1st period - Andrei Loktionov wins face-off versus Cory Emmerton in neutral zone.
0:04 of 1st period - Wrist shot by Devin Setoguchi.
0:04 of 1st period - Shot Misses the Net.
0:10 of 1st period - Snap shot by Andrei Loktionov.
0:10 of 1st period - Shot Blocked by Brett Skinner.
0:12 of 1st period - Slapshot by T.J. Fast.
0:12 of 1st period - Stopped by Joey MacDonald without a rebound.
0:13 of 1st period - Zenon Konopka wins face-off versus Peter Mueller in Patriotes zone.
0:20 of 1st period - Wrist shot by Zenon Konopka.
0:20 of 1st period - Stopped by Tobias Stephan without a rebound.
0:21 of 1st period - Peter Mueller wins face-off versus Zenon Konopka in Staline zone.
0:37 of 1st period - Snap shot by Mason Raymond.
0:37 of 1st period - Shot Misses the Net.
0:53 of 1st period - Wrist shot by Mason Raymond.
0:53 of 1st period - Shot Misses the Net.
1:04 of 1st period - Icing by Tyler Cuma.
1:05 of 1st period - Cory Emmerton wins face-off versus Peter Mueller in Staline zone.
1:14 of 1st period - Snap shot by Mason Raymond.
1:14 of 1st period - Deflect By Peter Mueller.
1:14 of 1st period - Stopped by Joey MacDonald with a rebound.
1:16 of 1st period - Slapshot by Tyler Cuma.
1:16 of 1st period - Stopped by Joey MacDonald with a rebound.
1:18 of 1st period - Slapshot by Mason Raymond.
1:18 of 1st period - Shot Misses the Net.
1:20 of 1st period - Slapshot by Tyler Cuma.
1:20 of 1st period - Stopped by Joey MacDonald with a rebound.
1:22 of 1st period - Wrist shot by Yan Stastny.
1:22 of 1st period - Stopped by Joey MacDonald with a rebound.
1:24 of 1st period - Wrist shot by Yan Stastny.
1:24 of 1st period - Shot Misses the Net.
2:12 of 1st period - Wrist shot by Andreas Nodl.
2:12 of 1st period - Stopped by Tobias Stephan with a rebound.
2:26 of 1st period - Wrist shot by Mason Raymond.
2:26 of 1st period - Stopped by Joey MacDonald with a rebound.
2:28 of 1st period - Wrist shot by Mason Raymond.
2:28 of 1st period - Stopped by Joey MacDonald without a rebound.
2:29 of 1st period - Christian Hanson wins face-off versus Andrei Loktionov in Patriotes zone.
2:36 of 1st period - Wrist shot by Dwight King.
2:36 of 1st period - Stopped by Tobias Stephan with a rebound.
3:23 of 1st period - Snap shot by James Sheppard.
3:23 of 1st period - Shot Misses the Net.
3:52 of 1st period - Ryan Wilson is hit by Stu Bickel and loses puck.
5:14 of 1st period - Icing by Lauri Tukonen.
5:15 of 1st period - Mathieu Perreault wins face-off versus Zenon Konopka in Patriotes zone.
5:34 of 1st period - Jared Staal is hit by Jared Boll and loses puck.
5:39 of 1st period - Snap shot by Mathieu Perreault.
5:39 of 1st period - Shot Hit the Post.
6:00 of 1st period - Minor Penalty to Michael Del Zotto for Hooking.
6:01 of 1st period - Cory Emmerton wins face-off versus Devin Setoguchi in Staline zone.
6:13 of 1st period - Slapshot by Tomas Kurka.
6:13 of 1st period - Stopped by Tobias Stephan without a rebound.
6:14 of 1st period - Devin Setoguchi wins face-off versus Cory Emmerton in Staline zone.
6:14 of 1st period - Devin Setoguchi is hit by Andreas Nodl.
6:24 of 1st period - Snap shot by Cory Emmerton.
6:24 of 1st period - Deflect By Tomas Kurka.
6:24 of 1st period - Shot Misses the Net.
6:24 of 1st period - Puck is out of play.
6:25 of 1st period - Cory Emmerton wins face-off versus Devin Setoguchi in Staline zone.
6:32 of 1st period - Snap shot by Cory Emmerton.
6:32 of 1st period - Goal by Cory Emmerton - Staline : 0 - Patriotes : 1.
6:33 of 1st period - Andrei Loktionov wins face-off versus Cory Emmerton in neutral zone.
7:22 of 1st period - Snap shot by Peter Mueller.
7:22 of 1st period - Shot Misses the Net.
7:24 of 1st period - Slapshot by Stu Bickel.
7:24 of 1st period - Stopped by Joey MacDonald with a rebound.
7:26 of 1st period - Snap shot by Stu Bickel.
7:26 of 1st period - Shot Misses the Net.
7:30 of 1st period - Slapshot by Mason Raymond.
7:30 of 1st period - Shot Blocked by Ryan Wilson.
8:48 of 1st period - Wrist shot by Mason Raymond.
8:48 of 1st period - Shot Misses the Net.
8:50 of 1st period - Slapshot by Tyler Cuma.
8:50 of 1st period - Deflect By Zenon Konopka.
8:50 of 1st period - Stopped by Joey MacDonald without a rebound.
8:51 of 1st period - Zenon Konopka wins face-off versus Peter Mueller in Patriotes zone.
9:07 of 1st period - Minor Penalty to Theo Peckham for Delaying the game.
9:08 of 1st period - Devin Setoguchi wins face-off versus Cory Emmerton in Staline zone.
9:34 of 1st period - T.J. Fast is hit by Fedor Fedorov and loses puck.
11:07 of 1st period - Penalty to Theo Peckham is over, Theo Peckham is back on ice.
11:21 of 1st period - Michael Del Zotto is hit by Jared Staal and loses puck.
11:44 of 1st period - Snap shot by Ryan White.
11:44 of 1st period - Stopped by Tobias Stephan with a rebound.
11:46 of 1st period - Snap shot by Ryan Wilson.
11:46 of 1st period - Shot Blocked by Theo Peckham.
11:59 of 1st period - Icing by Michael Del Zotto.
12:00 of 1st period - Christian Hanson wins face-off versus Cody Eakin in Staline zone.
12:01 of 1st period - Snap shot by Dwight King.
12:01 of 1st period - Shot Blocked by James Sheppard.
12:22 of 1st period - Ryan Wilson is hit by Stu Bickel and loses puck.
12:37 of 1st period - Snap shot by Pierre-Luc Létourneau.
12:37 of 1st period - Shot Blocked by Tyler Myers.
12:43 of 1st period - T.J. Fast is hit by Tyler Myers and loses puck.
13:02 of 1st period - Snap shot by Peter Mueller.
13:02 of 1st period - Shot Blocked by Brett Skinner.
13:04 of 1st period - Slapshot by Stu Bickel.
13:04 of 1st period - Stopped by Joey MacDonald with a rebound.
13:14 of 1st period - Tyler Cuma is hit by Dwight King and loses puck.
13:23 of 1st period - Snap shot by Christian Hanson.
13:23 of 1st period - Shot Misses the Net.
13:25 of 1st period - Snap shot by Dwight King.
13:25 of 1st period - Shot Blocked by Tyler Cuma.
13:37 of 1st period - Wrist shot by Andrei Loktionov.
13:37 of 1st period - Stopped by Joey MacDonald with a rebound.
13:39 of 1st period - Slapshot by Tyler Cuma.
13:39 of 1st period - Goal by Tyler Cuma - Staline : 1 - Patriotes : 1.
13:40 of 1st period - Cory Emmerton wins face-off versus Andrei Loktionov in neutral zone.
13:53 of 1st period - Snap shot by Andreas Nodl.
13:53 of 1st period - Goal by Andreas Nodl - Staline : 1 - Patriotes : 2.
13:54 of 1st period - Andrei Loktionov wins face-off versus Tomas Kurka in neutral zone.
15:13 of 1st period - Snap shot by Andrei Loktionov.
15:13 of 1st period - Shot Misses the Net.
15:39 of 1st period - Slapshot by Andreas Nodl.
15:39 of 1st period - Stopped by Tobias Stephan with a rebound.
16:56 of 1st period - Snap shot by Cory Emmerton.
16:56 of 1st period - Stopped by Tobias Stephan without a rebound.
16:57 of 1st period - Cory Emmerton wins face-off versus Peter Mueller in Staline zone.
17:26 of 1st period - Wrist shot by Jared Boll.
17:26 of 1st period - Shot Blocked by Tyler Myers.
17:28 of 1st period - Slapshot by Torey Krug.
17:28 of 1st period - Shot Blocked by Lauri Tukonen.
17:30 of 1st period - Snap shot by Mathieu Perreault.
17:30 of 1st period - Goal by Mathieu Perreault - Staline : 2 - Patriotes : 2.
17:31 of 1st period - Cory Emmerton wins face-off versus Andrei Loktionov in neutral zone.
17:39 of 1st period - Off-side.
17:40 of 1st period - Cory Emmerton wins face-off versus Andrei Loktionov in neutral zone.
18:09 of 1st period - Wrist shot by Pierre-Luc Létourneau.
18:09 of 1st period - Stopped by Joey MacDonald with a rebound.
18:11 of 1st period - Wrist shot by Pierre-Luc Létourneau.
18:11 of 1st period - Stopped by Joey MacDonald without a rebound.
18:12 of 1st period - Zenon Konopka wins face-off versus Peter Mueller in Patriotes zone.
18:46 of 1st period - Wrist shot by Danny Kristo.
18:46 of 1st period - Stopped by Joey MacDonald without a rebound.
18:47 of 1st period - Cory Emmerton wins face-off versus Cody Eakin in Patriotes zone.
18:55 of 1st period - Icing by Tomas Kurka.
18:56 of 1st period - Andrei Loktionov wins face-off versus Cory Emmerton in Patriotes zone.
18:59 of 1st period - Wrist shot by Devin Setoguchi.
18:59 of 1st period - Stopped by Joey MacDonald without a rebound.
19:00 of 1st period - Andrei Loktionov wins face-off versus Cory Emmerton in Patriotes zone.
19:18 of 1st period - Icing by Cory Emmerton.
19:19 of 1st period - Peter Mueller wins face-off versus Cory Emmerton in Patriotes zone.
19:25 of 1st period - A.J Thelen is hit by Stu Bickel.
19:35 of 1st period - Snap shot by Andreas Nodl.
19:35 of 1st period - Deflect By Cory Emmerton.
19:35 of 1st period - Stopped by Tobias Stephan without a rebound.
19:36 of 1st period - Fedor Fedorov wins face-off versus Andrei Loktionov in Staline zone.
19:39 of 1st period - Wrist shot by Lauri Tukonen.
19:39 of 1st period - Shot Misses the Net.
19:41 of 1st period - Snap shot by Fedor Fedorov.
19:41 of 1st period - Deflect By Zenon Konopka.
19:41 of 1st period - Shot Blocked by T.J. Fast.
19:41 of 1st period - Puck is out of play.
19:42 of 1st period - Andrei Loktionov wins face-off versus Zenon Konopka in Staline zone.
19:50 of 1st period - Minor Penalty to Devin Setoguchi for Slashing.
19:51 of 1st period - James Sheppard wins face-off versus Cory Emmerton in Staline zone.
Goals for this period are 2 for Staline vs 2 for Patriotes.
Shots for this period are 17 for Staline vs 10 for Patriotes.
2nd period
0:01 of 2nd period - Cory Emmerton wins face-off versus James Sheppard in neutral zone.
1:50 of 2nd period - Penalty to Devin Setoguchi is over, Devin Setoguchi is back on ice.
2:00 of 2nd period - Wrist shot by Devin Setoguchi.
2:00 of 2nd period - Deflect By James Sheppard.
2:00 of 2nd period - Stopped by Joey MacDonald with a rebound.
2:10 of 2nd period - Slapshot by Mason Raymond.
2:10 of 2nd period - Stopped by Joey MacDonald without a rebound.
2:11 of 2nd period - Christian Hanson wins face-off versus Mathieu Perreault in Patriotes zone.
2:11 of 2nd period - Christian Hanson is hit by Mathieu Perreault.
2:36 of 2nd period - Ryan White is hit by Andrei Loktionov and loses puck.
3:01 of 2nd period - Wrist shot by Peter Mueller.
3:01 of 2nd period - Stopped by Joey MacDonald without a rebound.
3:02 of 2nd period - Cory Emmerton wins face-off versus Mathieu Perreault in Patriotes zone.
3:55 of 2nd period - A.J Thelen is hit by Mason Raymond and loses puck.
4:10 of 2nd period - Ryan Wilson is hit by Stu Bickel and loses puck.
4:47 of 2nd period - Slapshot by Jared Boll.
4:47 of 2nd period - Stopped by Joey MacDonald without a rebound.
4:48 of 2nd period - Zenon Konopka wins face-off versus Mathieu Perreault in Patriotes zone.
5:13 of 2nd period - Cory Emmerton is hit by Pierre-Luc Létourneau.
5:23 of 2nd period - Snap shot by Pierre-Luc Létourneau.
5:23 of 2nd period - Shot Misses the Net.
5:39 of 2nd period - Snap shot by Christian Hanson.
5:39 of 2nd period - Deflect By Dwight King.
5:39 of 2nd period - Stopped by Tobias Stephan with a rebound.
5:41 of 2nd period - Wrist shot by Dwight King.
5:41 of 2nd period - Shot Blocked by Tyler Cuma.
5:43 of 2nd period - Snap shot by Timothy Kunes.
5:43 of 2nd period - Stopped by Tobias Stephan without a rebound.
5:44 of 2nd period - Zenon Konopka wins face-off versus Andrei Loktionov in Staline zone.
6:44 of 2nd period - Slapshot by Tyler Cuma.
6:44 of 2nd period - Shot Blocked by Cory Emmerton.
7:06 of 2nd period - Snap shot by Devin Setoguchi.
7:06 of 2nd period - Shot Misses the Net.
7:08 of 2nd period - Slapshot by Michael Del Zotto.
7:08 of 2nd period - Deflect By Ryan Wilson.
7:08 of 2nd period - Stopped by Joey MacDonald with a rebound.
7:25 of 2nd period - Off-side.
7:26 of 2nd period - Fedor Fedorov wins face-off versus Yan Stastny in neutral zone.
7:40 of 2nd period - Snap shot by Zenon Konopka.
7:40 of 2nd period - Stopped by Tobias Stephan without a rebound.
7:41 of 2nd period - Christian Hanson wins face-off versus Andrei Loktionov in Staline zone.
8:06 of 2nd period - Mason Raymond is hit by Lauri Tukonen and loses puck.
9:25 of 2nd period - Snap shot by Andreas Nodl.
9:25 of 2nd period - Stopped by Tobias Stephan without a rebound.
9:26 of 2nd period - Cory Emmerton wins face-off versus Andrei Loktionov in Staline zone.
9:52 of 2nd period - Joe Charlebois is hit by Peter Mueller and loses puck.
11:26 of 2nd period - Wrist shot by Fedor Fedorov.
11:26 of 2nd period - Shot Misses the Net.
11:34 of 2nd period - Slapshot by Michael Del Zotto.
11:34 of 2nd period - Stopped by Joey MacDonald without a rebound.
11:35 of 2nd period - Christian Hanson wins face-off versus Yan Stastny in Patriotes zone.
11:40 of 2nd period - Backhand shot by Christian Hanson.
11:40 of 2nd period - Stopped by Tobias Stephan without a rebound.
11:41 of 2nd period - Peter Mueller wins face-off versus Christian Hanson in Staline zone.
12:10 of 2nd period - Slapshot by Tomas Kurka.
12:10 of 2nd period - Goal by Tomas Kurka - Staline : 2 - Patriotes : 3.
12:11 of 2nd period - Andrei Loktionov wins face-off versus Cory Emmerton in neutral zone.
13:00 of 2nd period - Wrist shot by Mathieu Perreault.
13:00 of 2nd period - Shot Misses the Net.
13:06 of 2nd period - Slapshot by Brett Skinner.
13:06 of 2nd period - Stopped by Tobias Stephan with a rebound.
13:35 of 2nd period - James Sheppard is hit by Tomas Kurka and loses puck.
14:05 of 2nd period - Mason Raymond is hit by Timothy Kunes.
14:50 of 2nd period - Cody Eakin is hit by Dwight King and loses puck.
15:13 of 2nd period - Slapshot by Cory Emmerton.
15:13 of 2nd period - Stopped by Tobias Stephan with a rebound.
15:15 of 2nd period - Snap shot by Tomas Kurka.
15:15 of 2nd period - Shot Blocked by Michael Del Zotto.
15:21 of 2nd period - Minor Penalty to Andrei Loktionov for Hooking.
15:22 of 2nd period - Cory Emmerton wins face-off versus Devin Setoguchi in Staline zone.
15:47 of 2nd period - Devin Setoguchi is hit by Brett Skinner.
16:17 of 2nd period - Wrist shot by Tomas Kurka.
16:17 of 2nd period - Shot Misses the Net.
16:19 of 2nd period - Wrist shot by Cory Emmerton.
16:19 of 2nd period - Stopped by Tobias Stephan with a rebound.
17:21 of 2nd period - Penalty to Andrei Loktionov is over, Andrei Loktionov is back on ice.
17:27 of 2nd period - Off-side.
17:28 of 2nd period - Jared Staal wins face-off versus Mathieu Perreault in neutral zone.
17:33 of 2nd period - Wrist shot by Dwight King.
17:33 of 2nd period - Stopped by Tobias Stephan without a rebound.
17:34 of 2nd period - Christian Hanson wins face-off versus Peter Mueller in Staline zone.
17:37 of 2nd period - Snap shot by Christian Hanson.
17:37 of 2nd period - Deflect By Jared Staal.
17:37 of 2nd period - Stopped by Tobias Stephan with a rebound.
18:13 of 2nd period - Snap shot by Mathieu Perreault.
18:13 of 2nd period - Stopped by Joey MacDonald with a rebound.
18:34 of 2nd period - Slapshot by Ryan Wilson.
18:34 of 2nd period - Stopped by Tobias Stephan with a rebound.
19:02 of 2nd period - Slapshot by Ryan Wilson.
19:02 of 2nd period - Stopped by Tobias Stephan without a rebound.
19:03 of 2nd period - Andrei Loktionov wins face-off versus Cory Emmerton in Staline zone.
19:03 of 2nd period - Andrei Loktionov is hit by Andreas Nodl.
19:13 of 2nd period - Wrist shot by Tomas Kurka.
19:13 of 2nd period - Deflect By Cory Emmerton.
19:13 of 2nd period - Stopped by Tobias Stephan with a rebound.
19:23 of 2nd period - Brett Skinner is hit by Andrei Loktionov and loses puck.
19:44 of 2nd period - Snap shot by T.J. Fast.
19:44 of 2nd period - Deflect By Peter Mueller.
19:44 of 2nd period - Goal by Peter Mueller - Staline : 3 - Patriotes : 3.
19:45 of 2nd period - Andrei Loktionov wins face-off versus Cory Emmerton in neutral zone.
19:53 of 2nd period - Minor Penalty to A.J Thelen for High sticking.
19:54 of 2nd period - Andrei Loktionov wins face-off versus Tomas Kurka in Patriotes zone.
19:56 of 2nd period - Wrist shot by Andrei Loktionov.
19:56 of 2nd period - Shot Misses the Net.
Goals for this period are 1 for Staline vs 1 for Patriotes.
Shots for this period are 8 for Staline vs 14 for Patriotes.
3rd period
0:01 of 3rd period - Tomas Kurka wins face-off versus Andrei Loktionov in neutral zone.
0:16 of 3rd period - Off-side.
0:17 of 3rd period - Peter Mueller wins face-off versus Tomas Kurka in neutral zone.
1:16 of 3rd period - Backhand shot by Ryan Wilson.
1:16 of 3rd period - Deflect By Andrei Loktionov.
1:16 of 3rd period - Stopped by Tobias Stephan without a rebound.
1:17 of 3rd period - Fedor Fedorov wins face-off versus Andrei Loktionov in Staline zone.
1:18 of 3rd period - Wrist shot by Cory Emmerton.
1:18 of 3rd period - Stopped by Tobias Stephan without a rebound.
1:19 of 3rd period - Fedor Fedorov wins face-off versus Andrei Loktionov in Staline zone.
1:53 of 3rd period - Penalty to A.J Thelen is over, A.J Thelen is back on ice.
2:07 of 3rd period - Wrist shot by Zenon Konopka.
2:07 of 3rd period - Stopped by Tobias Stephan with a rebound.
2:31 of 3rd period - Slapshot by Stu Bickel.
2:31 of 3rd period - Stopped by Joey MacDonald with a rebound.
3:06 of 3rd period - Slapshot by Brett Skinner.
3:06 of 3rd period - Stopped by Tobias Stephan with a rebound.
3:29 of 3rd period - Mathieu Perreault is hit by Christian Hanson and loses puck.
3:46 of 3rd period - Tyler Cuma is hit by Cory Emmerton and loses puck.
4:25 of 3rd period - Snap shot by Liam Reddox.
4:25 of 3rd period - Stopped by Tobias Stephan without a rebound.
4:26 of 3rd period - Ryan White wins face-off versus Andrei Loktionov in Staline zone.
5:18 of 3rd period - Wrist shot by Nick Spaling.
5:18 of 3rd period - Shot Misses the Net.
5:22 of 3rd period - Slapshot by Michael Del Zotto.
5:22 of 3rd period - Stopped by Joey MacDonald with a rebound.
5:24 of 3rd period - Slapshot by Nick Spaling.
5:24 of 3rd period - Stopped by Joey MacDonald with a rebound.
5:26 of 3rd period - Snap shot by Nick Spaling.
5:26 of 3rd period - Stopped by Joey MacDonald without a rebound.
5:27 of 3rd period - Cory Emmerton wins face-off versus Andrei Loktionov in Patriotes zone.
5:27 of 3rd period - Cory Emmerton is hit by Stu Bickel.
5:30 of 3rd period - Minor Penalty to Cory Emmerton for Roughing.
5:31 of 3rd period - Andrei Loktionov wins face-off versus Tomas Kurka in Patriotes zone.
5:35 of 3rd period - Wrist shot by Andrei Loktionov.
5:35 of 3rd period - Shot Misses the Net.
5:37 of 3rd period - Slapshot by T.J. Fast.
5:37 of 3rd period - Shot Blocked by A.J Thelen.
5:39 of 3rd period - Slapshot by T.J. Fast.
5:39 of 3rd period - Shot Blocked by Brett Skinner.
5:43 of 3rd period - Snap shot by Devin Setoguchi.
5:43 of 3rd period - Goal by Devin Setoguchi - Staline : 4 - Patriotes : 3.
5:44 of 3rd period - Andrei Loktionov wins face-off versus Cory Emmerton in neutral zone.
6:09 of 3rd period - Brett Skinner is hit by Mason Raymond and loses puck.
6:14 of 3rd period - Snap shot by Mason Raymond.
6:14 of 3rd period - Shot Blocked by A.J Thelen.
6:16 of 3rd period - Snap shot by Mason Raymond.
6:16 of 3rd period - Deflect By A.J Thelen.
6:16 of 3rd period - Shot Blocked by Zenon Konopka.
6:16 of 3rd period - Puck is out of play.
6:17 of 3rd period - Peter Mueller wins face-off versus Cory Emmerton in Patriotes zone.
6:28 of 3rd period - Snap shot by Mason Raymond.
6:28 of 3rd period - Stopped by Joey MacDonald without a rebound.
6:29 of 3rd period - Andrei Loktionov wins face-off versus Cory Emmerton in Patriotes zone.
6:35 of 3rd period - Minor Penalty to Cory Emmerton for Hooking.
6:36 of 3rd period - Tomas Kurka wins face-off versus Andrei Loktionov in Patriotes zone.
8:00 of 3rd period - Tyler Cuma is hit by Ryan Wilson and loses puck.
8:35 of 3rd period - Penalty to Cory Emmerton is over, Cory Emmerton is back on ice.
9:36 of 3rd period - Tyler Cuma is hit by Tomas Kurka and loses puck.
10:08 of 3rd period - Devin Setoguchi is hit by A.J Thelen.
10:20 of 3rd period - Michael Del Zotto is hit by Cory Emmerton and loses puck.
11:21 of 3rd period - Zenon Konopka is hit by Mathieu Perreault and loses puck.
11:35 of 3rd period - Off-side.
11:36 of 3rd period - Peter Mueller wins face-off versus Christian Hanson in neutral zone.
12:03 of 3rd period - Slapshot by Peter Mueller.
12:03 of 3rd period - Deflect By Andrei Loktionov.
12:03 of 3rd period - Stopped by Joey MacDonald without a rebound.
12:04 of 3rd period - Andrei Loktionov wins face-off versus Cory Emmerton in Patriotes zone.
12:11 of 3rd period - Wrist shot by Devin Setoguchi.
12:11 of 3rd period - Shot Misses the Net.
12:32 of 3rd period - Icing by Andreas Nodl.
12:33 of 3rd period - Tomas Kurka wins face-off versus Andrei Loktionov in Patriotes zone.
12:38 of 3rd period - T.J. Fast is hit by Tomas Kurka and loses puck.
13:09 of 3rd period - Snap shot by Lauri Tukonen.
13:09 of 3rd period - Deflect By Fedor Fedorov.
13:09 of 3rd period - Shot Blocked by T.J. Fast.
13:09 of 3rd period - Puck is out of play.
13:10 of 3rd period - Christian Hanson wins face-off versus Andrei Loktionov in Staline zone.
13:15 of 3rd period - Wrist shot by Dwight King.
13:15 of 3rd period - Shot Misses the Net.
13:17 of 3rd period - Slapshot by Christian Hanson.
13:17 of 3rd period - Shot Misses the Net.
13:28 of 3rd period - Minor Penalty to Andrei Loktionov for Boarding.
13:29 of 3rd period - Cory Emmerton wins face-off versus Devin Setoguchi in Staline zone.
13:39 of 3rd period - Snap shot by Andreas Nodl.
13:39 of 3rd period - Stopped by Tobias Stephan with a rebound.
13:41 of 3rd period - Slapshot by Brett Skinner.
13:41 of 3rd period - Shot Misses the Net.
14:08 of 3rd period - Minor Penalty to Theo Peckham for Holding Stick.
14:09 of 3rd period - Cory Emmerton wins face-off versus Devin Setoguchi in Staline zone.
14:15 of 3rd period - Snap shot by Tomas Kurka.
14:15 of 3rd period - Stopped by Tobias Stephan without a rebound.
14:16 of 3rd period - Devin Setoguchi wins face-off versus Andreas Nodl in Staline zone.
14:16 of 3rd period - Devin Setoguchi is hit by Ryan Wilson.
14:26 of 3rd period - Backhand shot by T.J. Fast.
14:26 of 3rd period - Shot Misses the Net.
14:32 of 3rd period - Slapshot by Ryan Wilson.
14:32 of 3rd period - Stopped by Tobias Stephan with a rebound.
15:28 of 3rd period - Penalty to Andrei Loktionov is over, Andrei Loktionov is back on ice.
16:08 of 3rd period - Penalty to Theo Peckham is over, Theo Peckham is back on ice.
16:16 of 3rd period - Wrist shot by Theo Peckham.
16:16 of 3rd period - Stopped by Joey MacDonald with a rebound.
17:14 of 3rd period - Tyler Myers is hit by Stu Bickel and loses puck.
18:02 of 3rd period - Tomas Kurka is hit by Theo Peckham and loses puck.
18:07 of 3rd period - Wrist shot by Danny Kristo.
18:07 of 3rd period - Deflect By Cody Eakin.
18:07 of 3rd period - Shot Blocked by Cory Emmerton.
18:07 of 3rd period - Puck is out of play.
18:08 of 3rd period - Ryan White wins face-off versus Mathieu Perreault in Patriotes zone.
18:13 of 3rd period - Joe Charlebois is hit by Mathieu Perreault and loses puck.
18:20 of 3rd period - Snap shot by Liam Reddox.
18:20 of 3rd period - Stopped by Tobias Stephan without a rebound.
18:21 of 3rd period - Christian Hanson wins face-off versus Mathieu Perreault in Staline zone.
18:28 of 3rd period - Slapshot by Tyler Cuma.
18:28 of 3rd period - Deflect By Nick Spaling.
18:28 of 3rd period - Shot Misses the Net.
18:28 of 3rd period - Puck is out of play.
18:29 of 3rd period - Mathieu Perreault wins face-off versus Christian Hanson in Patriotes zone.
18:39 of 3rd period - Minor Penalty to Dwight King for Hooking.
18:40 of 3rd period - Tomas Kurka wins face-off versus Andrei Loktionov in Patriotes zone.
18:53 of 3rd period - Slapshot by Andrei Loktionov.
18:53 of 3rd period - Stopped by Joey MacDonald with a rebound.
18:55 of 3rd period - Slapshot by T.J. Fast.
18:55 of 3rd period - Stopped by Joey MacDonald with a rebound.
19:37 of 3rd period - Icing by Devin Setoguchi.
19:38 of 3rd period - Andrei Loktionov wins face-off versus Fedor Fedorov in Staline zone.
19:47 of 3rd period - Slapshot by Theo Peckham.
19:47 of 3rd period - Shot Blocked by A.J Thelen.
Goals for this period are 1 for Staline vs 0 for Patriotes.
Shots for this period are 10 for Staline vs 9 for Patriotes.
Output by the SimonT Hockey Simulator (STHS) for François Prévost -- Original Page W3C XHTML 1.0 Valid